 Dungeon Crawl Stone Soup version 0.31.0-1-g2c135a0 (webtiles) character file.

Game seed: 15923239630139142875

2295 jagoly the Fighter (level 9, 0/60 HPs)
             Began as a Gargoyle Monk on Feb 1, 2024.
             Slain by an orc warrior
             ... wielding a +0 halberd
              (8 damage)
             ... on level 6 of the Dungeon.
             The game lasted 00:14:13 (1938 turns).

jagoly the Fighter (Gargoyle Monk)                  Turns: 1938, Time: 00:14:14

Health: 0/60       AC: 22    Str: 19    XL:     9   Next: 40%
Magic:  9/9        EV: 13    Int: 11    God:
Gold:   230        SH:  0    Dex: 17    Spells: 8/8 levels left

rFire   . . .        a - +9 long sword of Ihyptewn {freeze, Dex+5 Stlth+}
rCold   + . .        d - orb {light}
rNeg    + . .        p - +1 ring mail {rC+}
rPois   ∞            (no helmet)
rElec   +            H - +2 cloak
rCorr   .            D - +0 pair of gloves
SInv    .            x - +2 pair of boots
Will    .....        f - amulet of the acrobat
Stlth   +            (no ring)
HPRegen 0.30/turn    (no ring)
MPRegen 0.11/turn

%: acrobat
@: glowing
A: sickness immunity, AC +6, negative energy resistance 1, electricity
resistance, torment resistance 1, petrification resistance
a: no special abilities


You were on level 6 of the Dungeon.
You visited 2 branches of the dungeon, and saw 8 of its levels.

You collected 230 gold pieces.

Inventory:

Hand Weapons
 a - the +9 long sword of Ihyptewn (weapon) {freeze, Dex+5 Stlth+}
   (You found it on level 4 of the Dungeon)

   Dex+5:     It affects your dexterity (+5).
   Stlth+:    It makes you more stealthy.
 b - a +0 hand axe
 C - a +0 battleaxe
Missiles
 e - 14 stones (quivered)
Armour
 d - an orb of light (worn)
 i - a +0 scale mail
 p - a +1 ring mail of cold resistance (worn)
 t - a +0 chain mail
 u - a +0 robe
 x - a +2 pair of boots (worn)
 z - a +0 troll leather armour
 D - a +0 pair of gloves (worn)
 F - a +0 plate armour
 H - a +2 cloak (worn)
Jewellery
 f - an amulet of the acrobat (around neck)
 G - a ring of ice
Wands
 l - a wand of flame (11)
 r - a wand of acid (13)
 A - a wand of polymorph (7)
Scrolls
 g - a scroll of enchant armour {unknown}
 j - 2 scrolls of blinking {unknown}
 m - a scroll of revelation {unknown}
 n - a scroll of immolation {unknown}
 o - a scroll of fog {unknown}
 q - a scroll of amnesia {unknown}
 s - a scroll of silence {unknown}
 w - 3 scrolls of identify {unknown}
 y - a scroll of enchant weapon {unknown}
 B - a scroll of noise {unknown}
 I - a scroll of teleportation {unknown}
Potions
 c - a potion of ambrosia
 h - a potion of might {unknown}
 k - a potion of attraction {unknown}
 v - a potion of haste {unknown}
 E - a potion of cancellation {unknown}


   Skills:
 + Level 9.1 Fighting
 - Level 4.9 Axes
 + Level 7.4 Armour
 + Level 4.3 Dodging
 - Level 2.0 Stealth


You had 8 spell levels left.
You didn't know any spells.
Your spell library contained the following spells:

 Spells                   Type           Power      Damage    Failure   Level
 Lesser Beckoning         Tloc           0%         N/A       65%         2
 Gell's Gravitas          Tloc           0%         N/A       86%         3
 Teleport Other           Tloc           0%         N/A       86%         3


Dungeon Overview and Level Annotations

Branches:
Dungeon (7/15) Zot: 26547  Temple (1/1) D:7 Zot: 5998

Altars:
Ashenzari
Cheibriados
Dithmenos
Elyvilon
Gozag
Hepliaklqana
Kikubaaqudgha
Makhleb
Nemelex Xobeh
Okawaru
Qazlal
Ru
Sif Muna
Trog
Uskayaw
Vehumet
Wu Jian
Yredelemnul
Zin

Shops:
D:3 =

Annotations:
D:2 Sigmund
D:7 Jeremiah


Innate Abilities, Weirdness & Mutations

You are immune to sickness and miasma.
Your stone body is resilient. (AC +6)
You are immune to poison.
You resist negative energy. (rN+)
You are resistant to electric shocks. (rElec)
You are resistant to unholy torment.
You are immune to petrification.


Message History

The ice beast hits you but does no damage.
You hit the ice beast.
The ice beast is moderately wounded.
The ice beast hits you but does no damage.
You slash the ice beast!
The ice beast is heavily wounded.
The ice beast hits you but does no damage. x2
You hit the ice beast but do no damage.
The ice beast is heavily wounded.
The ice beast closely misses you.
You slash the ice beast!
The ice beast is severely wounded.
The ice beast hits you. The ice beast freezes you. You resist.
You hit the ice beast.
The ice beast is severely wounded.
The ice beast hits you but does no damage. x2
You hit the ice beast.
The ice beast is almost dead.
The ice beast closely misses you.
You completely miss the ice beast.
The ice beast is almost dead.
The ice beast hits you but does no damage. x2
You slash the ice beast!
You kill the ice beast!
No target in view!
You see here a scorpion corpse.
You see here a scorpion corpse.
A phantom comes into view.
The phantom misses you. The phantom misses you.
You hit the phantom but do no damage. The phantom hits you.
The phantom blinks!
You blink.
You slash the phantom!
The phantom is moderately damaged.
The phantom hits you.
The phantom blinks!
You blink.
The phantom hits you but does no damage.
You hit the phantom.
The phantom is heavily damaged.
The phantom hits you but does no damage.
You barely miss the phantom.
The phantom is heavily damaged.
The troll shouts!
The phantom hits you but does no damage.
The phantom completely misses you.
You slash the phantom!
The phantom is severely damaged.
The troll misses you.
The troll claws you but does no damage. x2
The phantom completely misses you.
You hit the phantom.
The phantom is almost destroyed.
The troll closely misses you. x2; The troll claws you.
The phantom barely misses you.
You slash the phantom!
You destroy the phantom!
The troll closely misses you.
The troll claws you but does no damage. x2
The troll misses you.
The troll claws you but does no damage. x2
Training target 6.0 for Armour reached!
Your Fighting skill increases to level 7!
Your Armour skill increases to level 6!
You slash the troll! You freeze the troll.
The troll is moderately wounded.
The troll bites you. The troll claws you but does no damage.
The troll barely misses you.
You hit the troll. You freeze the troll.
The troll is moderately wounded.
The troll bites you but does no damage. The troll claws you.
The troll barely misses you. The troll completely misses you.
The troll misses you. The troll barely misses you.
You barely miss the troll.
The troll is moderately wounded.
The troll bites you. The troll claws you!
The troll claws you but does no damage.
You slash the troll! You freeze the troll.
The troll is severely wounded.
The troll closely misses you. The troll barely misses you. The troll claws you.
You slash the troll! You freeze the troll.
You kill the troll!
The troll leather armour is intact enough to wear.
Training target 8.0 for Fighting reached!
Your Fighting skill increases to level 8!
You need to enable at least one skill for training.
Things that are here:
a +0 troll leather armour; a troll corpse
Press: ? - help, v - describe, . - travel, g - get item
Items here: a +0 troll leather armour; a troll corpse.
The floor, spattered with blood.
This square is lit by a halo.
z - a +0 troll leather armour
Found a beast talisman.
A jelly comes into view.
Found a glowing brass wand.
A hound comes into view.
Found 9 gold pieces.
The jelly quivers.
Throw: 16 stones
Press: ? - help, Q - select action, (/) - cycle Shift-Dir - straight line, f - jelly
Aim: a jelly (haloed, 97% to hit)
You throw a stone.
The stone hits the jelly but does no damage.
You slash the jelly! You freeze the jelly.
Your hands burn!
The jelly is almost dead.
The jelly hits you but does no damage.
You slash the jelly! You freeze the jelly.
You kill the jelly!
No target in view!
A - a wand of polymorph (7)
The hound barks!
You hear a shout!
Found a stone staircase leading down.
The hound completely misses you.
A white imp comes into view.
The hound misses you.
You barely miss the hound. The hound bites you but does no damage.
The hound barely misses you.
You slash the hound! You freeze the hound.
The hound is almost dead.
The hound bites you but does no damage. The hound barely misses you.
You slash the hound! You freeze the hound.
You kill the hound!
The white imp gestures at you.
The puff of frost hits you but does no damage.
A jelly comes into view.
Found a stone staircase leading up.
You see here a hound corpse.
You slash the white imp!
The white imp is severely wounded.
The white imp barely misses you.
You hit the white imp.
You kill the white imp!
Throw: 15 stones
Press: ? - help, Q - select action, (/) - cycle Shift-Dir - straight line, f - jelly
Aim: a jelly (haloed, 97% to hit)
You throw a stone.
The stone hits the jelly but does no damage.
The jelly jiggles.
You hit the jelly. You freeze the jelly.
Your hands burn!
The jelly is moderately wounded.
The jelly completely misses you.
You hit the jelly. You freeze the jelly. The acid corrodes you!
Your hands burn!
The jelly is severely wounded.
The jelly barely misses you. The jelly closely misses you.
You hit the jelly. You freeze the jelly.
You kill the jelly!
You now have 149 gold pieces (gained 9).
There is a stone staircase leading up here.
You climb upwards.
There is a stone staircase leading down here.
You climb downwards.
There is a stone staircase leading up here.
You are no longer corroded.
A scorpion comes into view.
There is a stone staircase leading down here.
You climb downwards.
There is a stone staircase leading up here.
You climb upwards.
There is a stone staircase leading down here.
The scorpion completely misses you.
You slash the scorpion! You freeze the scorpion.
The scorpion is severely wounded.
The scorpion misses you. The scorpion stings you.
You hit the scorpion. You freeze the scorpion.
You kill the scorpion!
No target in view!
Why would you want to do that? Why would you want to do that?
You enter the shallow water.
Moving in this stuff is going to be slow.
You enter the shallow water.
Moving in this stuff is going to be slow.
You enter the shallow water.
Moving in this stuff is going to be slow.
You enter the shallow water.
Moving in this stuff is going to be slow.
Found 17 gold pieces.
You now have 166 gold pieces (gained 17).
Found an escape hatch in the floor.
There is a stone staircase leading down here.
You climb downwards.
The orc shouts!
The centaur shouts!
The centaur wields a +0 shortbow.
The centaur shoots an arrow.
The arrow hits you.
Found a scroll labelled CURANEE TIYMOY.
There is a stone staircase leading up here.
The centaur shoots an arrow.
The arrow misses you.
Found a battleaxe and 18 gold pieces.
The centaur shoots an arrow.
The arrow misses you.
The centaur shoots an arrow.
The arrow misses you.
The centaur unwields a +0 shortbow.
The centaur completely misses you. The centaur misses you.
You hit the centaur. You freeze the centaur.
The centaur is lightly wounded.
The centaur hits you but does no damage.
The centaur closely misses you. The orc barely misses you.
The centaur closely misses you. The centaur barely misses you.
The orc hits you but does no damage.
You slash the centaur! You freeze the centaur.
The centaur is severely wounded.
The centaur closely misses you. The centaur kicks you.
The centaur barely misses you.
The centaur kicks you but does no damage.
The orc closely misses you.
You slash the centaur! You freeze the centaur.
You kill the centaur!
The orc hits you but does no damage.
You slash the orc! You freeze the orc.
You kill the orc!
No target in view!
You see here a +0 flail.
B - a scroll labelled CURANEE TIYMOY You see here a +0 flail.
You see here a +0 battleaxe.
C - a +0 battleaxe You now have 184 gold pieces (gained 18).
Found 15 gold pieces.
You now have 199 gold pieces (gained 15).
Found a pair of gloves.
You see here a +0 pair of gloves.
You start putting on your armour.
You continue putting on your +0 pair of gloves. x4
You finish putting on your +0 pair of gloves.
Found a black potion.
A centaur comes into view.
The centaur shouts!
The centaur wields a +0 orcbow.
The centaur shoots an arrow.
The arrow misses you.
A centaur is nearby!
The centaur shoots an arrow.
The arrow completely misses you.
A bullfrog comes into view.
The centaur shoots an arrow.
The arrow completely misses you.
The centaur shoots an arrow.
The arrow misses you.
The centaur shoots an arrow.
The arrow completely misses you.
The centaur shoots an arrow.
The arrow completely misses you.
The centaur shoots an arrow.
The arrow barely misses you.
The centaur unwields a +0 orcbow.
The centaur completely misses you. The centaur misses you.
You slash the centaur! You freeze the centaur.
The centaur is almost dead.
The centaur hits you but does no damage.
The centaur closely misses you.
The centaur hits you but does no damage.
The centaur misses you.
You slash the centaur! You freeze the centaur.
You kill the centaur!
The bullfrog hits you but does no damage.
You have reached level 9!
Your experience leads to an increase in your attributes!
Your base attributes are Str 17, Int 11, Dex 12.
Increase (S)trength, (I)ntelligence, or (D)exterity?
You feel stronger. x2
You slash the bullfrog! You freeze the bullfrog.
The bullfrog is almost dead.
The bullfrog hits you but does no damage. x2
You barely miss the bullfrog.
The bullfrog is almost dead.
The bullfrog completely misses you. The bullfrog barely misses you.
You slash the bullfrog!
The bullfrog seems to slow down.
You freeze the bullfrog.
You kill the bullfrog!
No target in view!
E - a black potion An orc warrior and an orc come into view.
The orc is wielding a +0 short sword and wearing a +1 leather armour of poison resistance.
The orc warrior shouts!
The orc shouts!
An orc comes into view. It is wielding a +0 short sword.
The orc moves out of view.
An orc wizard comes into view. It is wielding a +0 dagger.
The orc wizard shouts!
You hit the orc warrior but do no damage.
The orc warrior closely misses you.
You hit the orc warrior but do no damage.
The orc warrior closely misses you. The orc warrior misses you.
You barely miss the orc warrior.
The orc warrior hits you but does no damage.
You hit the orc warrior. You freeze the orc warrior.
The orc warrior is lightly wounded.
The orc warrior hits you but does no damage.
You hit the orc warrior. You freeze the orc warrior.
The orc warrior is lightly wounded.
The orc warrior barely misses you. The orc warrior closely misses you.
You slash the orc warrior! You freeze the orc warrior.
The orc warrior is heavily wounded.
The orc warrior hits you with a +0 mace!
You slash the orc warrior! You freeze the orc warrior.
You kill the orc warrior!
The orc wizard hits you but does no damage.
You barely miss the orc wizard.
The orc wizard hits you but does no damage.
You slash the orc wizard! You freeze the orc wizard.
You kill the orc wizard!
You hit the orc. You freeze the orc.
The orc is almost dead.
The orc closely misses you. The orc misses you.
You slash the orc! You freeze the orc.
You kill the orc!
You hit the orc. You freeze the orc.
The orc is severely wounded.
The orc hits you but does no damage. x2
You hit the orc. You freeze the orc.
You kill the orc!
Items here: )))) [[[ †††.
F - a +0 plate armour HP restored.
Found 15 gold pieces.
Found a stone staircase leading down.
HP restored.
You now have 214 gold pieces (gained 15).
Found a notched garnet ring.
G - a ring of ice You pick up a book of Displacement and begin reading...
You add the spells Lesser Beckoning, Gell's Gravitas and Teleport Other to your library.
Maurice the Thief comes into view.
He is wielding a +0 dagger and carrying a wand of acid.
Found a scroll labelled RIMUP CUKKYS.
Found a staircase to the Ecumenical Temple.
Aiming: Throw Flame
Press: ? - help, Shift-Dir - straight line, f - Maurice
Aim: Maurice, wielding a +0 dagger, wearing a +2 cloak and carrying a wand of acid (haloed, 71% to hit)
The puff of flame hits Maurice.
Maurice is lightly wounded.
Aiming: Throw Flame
Press: ? - help, Shift-Dir - straight line, f/p - Maurice
Aim: Maurice, wielding a +0 dagger, wearing a +2 cloak and carrying a wand of acid (lightly wounded, haloed, 71% to hit)
The puff of flame hits Maurice.
Maurice is lightly wounded.
Hit: a) +9 long sword of Ihyptewn {freeze, Dex+5 Stlth+}
Press: ? - help, Dir - move target, f/p - Maurice
Aim: Maurice, wielding a +0 dagger, wearing a +2 cloak and carrying a wand of acid (lightly wounded, haloed, about 24% to evade the +9 long sword of Ihyptewn)
You completely miss Maurice.
Maurice is lightly wounded.
Maurice closely misses you. Maurice barely misses you.
Hit: a) +9 long sword of Ihyptewn {freeze, Dex+5 Stlth+}
Press: ? - help, Dir - move target, f/p - Maurice
Aim: Maurice, wielding a +0 dagger, wearing a +2 cloak and carrying a wand of acid (lightly wounded, haloed, about 24% to evade the +9 long sword of Ihyptewn)
You hit Maurice. You freeze Maurice.
Maurice is lightly wounded.
Maurice says, "Very interesting."
Maurice hits you with a +0 dagger.
Maurice steals your +0 battleaxe!
Maurice closely misses you. Maurice hits you but does no damage.
Maurice closely misses you.
Hit: a) +9 long sword of Ihyptewn {freeze, Dex+5 Stlth+}
Press: ? - help, Dir - move target, f/p - Maurice
Aim: Maurice, wielding a +0 dagger, wearing a +2 cloak and carrying a wand of acid (lightly wounded, haloed, about 24% to evade the +9 long sword of Ihyptewn)
You slash Maurice! You freeze Maurice.
Maurice is moderately wounded.
Maurice hits you but does no damage. Maurice bites you but does no damage.
Hit: a) +9 long sword of Ihyptewn {freeze, Dex+5 Stlth+}
Press: ? - help, Dir - move target, f/p - Maurice
Aim: Maurice, wielding a +0 dagger, wearing a +2 cloak and carrying a wand of acid (moderately wounded, haloed, about 24% to evade the +9 long sword of Ihyptewn)
You hit Maurice. You freeze Maurice.
Maurice is moderately wounded.
Maurice closely misses you. Maurice bites you.
You feel your power leaking away. Maurice drains your magic.
Maurice barely misses you. Maurice closely misses you.
Hit: a) +9 long sword of Ihyptewn {freeze, Dex+5 Stlth+}
Press: ? - help, Dir - move target, f/p - Maurice
Aim: Maurice, wielding a +0 dagger, wearing a +2 cloak and carrying a wand of acid (moderately wounded, haloed, about 24% to evade the +9 long sword of Ihyptewn)
You slash Maurice! You freeze Maurice!
Maurice is severely wounded.
Maurice gestures wildly while chanting.
Maurice flickers and vanishes for a moment.
Hit: a) +9 long sword of Ihyptewn {freeze, Dex+5 Stlth+}
Press: ? - help, Dir - move target, f/p - Maurice
Aim: Maurice, wielding a +0 dagger, wearing a +2 cloak and carrying a wand of acid (severely wounded, slightly transparent, haloed, about 24% to evade the +9 long sword of Ihyptewn)
You hit Maurice. You freeze Maurice.
Maurice is severely wounded.
Maurice closely misses you. Maurice completely misses you.
Hit: a) +9 long sword of Ihyptewn {freeze, Dex+5 Stlth+}
Press: ? - help, Dir - move target, f/p - Maurice
Aim: Maurice, wielding a +0 dagger, wearing a +2 cloak and carrying a wand of acid (severely wounded, slightly transparent, haloed, about 24% to evade the +9 long sword of Ihyptewn)
You slash Maurice! You freeze Maurice.
Maurice is almost dead.
Maurice mumbles some strange words.
Maurice blinks!
Maurice hits you but does no damage. Maurice closely misses you.
Hit: a) +9 long sword of Ihyptewn {freeze, Dex+5 Stlth+}
Press: ? - help, Dir - move target, f/p - Maurice
Aim: Maurice, wielding a +0 dagger, wearing a +2 cloak and carrying a wand of acid (almost dead, slightly transparent, haloed, about 24% to evade the +9 long sword of Ihyptewn)
You slice Maurice!! You freeze Maurice.
You kill Maurice!
Your Fighting skill increases to level 9!
Your Armour skill increases to level 7!
Your Dodging skill increases to level 4!
You now have 230 gold pieces (gained 16).
C - a +0 battleaxe
r - a wand of acid (13) (gained 8 charges)
Things that are here:
a +0 dagger; a +2 cloak You start putting on your armour.
You continue putting on your +2 cloak. x4
You finish putting on your +2 cloak.
w - 3 scrolls labelled RIMUP CUKKYS (gained 1)
There is a staircase to the Ecumenical Temple here.
You climb downwards.
Welcome to the Ecumenical Temple!
Found three altars.
Found a staircase back to the Dungeon.
There is a staircase back to the Dungeon here.
Search for what [? for help]? .
You climb upwards.
Welcome back to the Dungeon!
There is a staircase to the Ecumenical Temple here.
Found a scale mail.
You see here a +0 scale mail.
Found a scroll labelled ZAVELECLAAWI.
I - a scroll labelled ZAVELECLAAWI An orc comes into view.
It is wielding a +0 flail.
You slash the orc! You freeze the orc.
You kill the orc!
You see here a +0 flail.
You see here a +0 flail.
Found a bloodstained altar of Trog.
You see here a +0 flail.
Jeremiah, Barachi Dreamer comes into view.
They are wielding a +2 trident of draining and wearing an orb of energy.
Jeremiah shouts!
Jeremiah is nearby!
Okay, then.
Press: ? - help, v - describe, . - travel The floor.
This square is lit by a halo. 2 orc wizards and 4 orcs come into view.
The orc shouts!
The orc wizard shouts!
The orc shouts!
You hear a shout!
An orc warrior comes into view. It is wielding a +0 halberd.
The orc warrior shouts!
The orc shouts! x2
An orc wizard and an orc come into view.
The orc shouts!
The orc wizard gestures wildly while chanting.
The orc wizard flickers and vanishes!
Deactivating autopickup; reactivate with Ctrl-A.
The orc attacks as it pursues you! The orc closely misses you.
The orc attacks as it pursues you! The orc hits you but does no damage.
You slash the orc! You freeze the orc.
You kill the orc!
You slash the orc! You freeze the orc.
You kill the orc!
You hit the orc but do no damage. The orc closely misses you.
The orc barely misses you.
You hit the orc but do no damage. The orc warrior closely misses you.
The orc barely misses you.
The orc warrior hits you from afar with a +0 halberd!
You slash the orc! You freeze the orc.
You kill the orc!
The orc warrior hits you but does no damage.
The orc wizard completely misses you.
The orc warrior hits you with a +0 halberd!
Items here: ))) [ ††.
The orc wizard points at you and mumbles some strange words.
The magic dart hits you. The orc warrior misses you.
The orc wizard casts a spell at you. The puff of flame hits you.
You hit the orc wizard but do no damage.
The orc wizard barely misses you. The orc wizard closely misses you.
You barely miss the orc wizard.
The orc warrior hits you but does no damage.
The orc wizard closely misses you.
The orc wizard casts a spell.
The orc wizard flickers and vanishes for a moment.
The orc warrior barely misses you.
The orc warrior attacks as it pursues you!
The orc warrior closely misses you.
The orc warrior attacks as it pursues you!
The orc warrior closely misses you.
You see here a +0 flail.
The orc wizard attacks as it pursues you!
The orc wizard hits you but does no damage.
The orc warrior attacks as it pursues you!
The orc warrior hits you but does no damage.
There is a stone staircase leading up here.
The orc warrior attacks as it pursues you!
The orc warrior hits you from afar with a +0 halberd!
You hit the orc wizard. You freeze the orc wizard.
The orc wizard is heavily wounded.
The orc warrior hits you but does no damage.
The orc wizard barely misses you. The orc warrior misses you.
There is a stone staircase leading up here.
The orc wizard hits you but does no damage.
The orc wizard closely misses you. The orc warrior barely misses you.
You climb upwards.
Reactivating autopickup.
There is a stone staircase leading down here.
You hit the orc wizard. You freeze the orc wizard.
You kill the orc wizard!
The orc wizard hits you but does no damage.
The orc warrior hits you with a +0 halberd!
* * * LOW HITPOINT WARNING * * *
You barely miss the orc wizard.
The orc wizard hits you but does no damage.
The orc warrior barely misses you.
The orc wizard hits you but does no damage.
The orc warrior hits you but does no damage.
You slash the orc wizard! You freeze the orc wizard.
You kill the orc wizard!
The orc warrior closely misses you.
You hit the orc warrior. You freeze the orc warrior.
The orc warrior is lightly wounded.
The orc warrior hits you with a +0 halberd!
* * * LOW HITPOINT WARNING * * *
The orc warrior hits you but does no damage.
You hit the orc warrior. You freeze the orc warrior.
The orc warrior is moderately wounded.
The sleepcap barely misses you.
The orc warrior hits you with a +0 halberd!
* * * LOW HITPOINT WARNING * * *
You hit the orc warrior but do no damage.
The orc warrior is moderately wounded.
The sleepcap closely misses you.
The orc warrior hits you with a +0 halberd!
You die...

###..####.# #.#
#.T.......# #.#
#[#..####. #.#
#.#<.# #.#
#....#
#.###.##.#
###.....# )..
#.#f.#<.##.#...
#.)@)......####
#..o....#..#
#.....#.#..#
#......## ..#
###
#...#..###.##
#.#
#..........#
#.###.#..#.####
#.....#....#
###.#>#.##....


You could see an orc warrior and a sleepcap.

Vanquished Creatures
  Maurice (D:7)
  A troll (D:6)
  Eustachio (D:5)
  Menkaure (D:4)
  An ice beast (D:6)
  An orc warrior (D:7)
  An ogre (D:4)
  3 phantoms (D:6)
  3 centaurs
  A bullfrog (D:7)
  Blork the orc (D:5)
  2 scorpions (D:6)
  2 howler monkeys (D:5)
  4 hounds
  2 jellies (D:6)
  A sleepcap (D:4)
  3 orc wizards
  An adder (D:5)
  4 gnolls
  A shadow imp (D:5)
  A white imp (D:6)
  15 orcs
  2 ball pythons
  4 endoplasms
  3 giant cockroaches
  A goblin (D:1)
  2 hobgoblins
  4 kobolds
  2 quokkas
  2 bats
  2 frilled lizards
  3 rats
76 creatures vanquished.

Notes
Turn   | Place    | Note
-------+----------+-------------------------------------------
     0 | D:1      | jagoly the Gargoyle Monk began the quest for the Orb.
     0 | D:1      | Reached XP level 1. HP: 14/14 MP: 1/1
   149 | D:2      | Noticed Sigmund
   222 | D:2      | Reached XP level 2. HP: 19/19 MP: 2/2
   353 | D:3      | Reached skill level 1 in Stealth
   372 | D:3      | Found Kuskuok's Jewellery Shop.
   385 | D:3      | Reached XP level 3. HP: 18/23 MP: 3/3
   433 | D:4      | Reached skill level 1 in Armour
   438 | D:4      | Noticed Menkaure
   474 | D:4      | Found a shimmering blue altar of Sif Muna.
   549 | D:4      | Reached XP level 4. HP: 25/29 MP: 4/4
   553 | D:5      | Entered Level 5 of the Dungeon
   553 | D:5      | Noticed Eustachio
   605 | D:4      | Noticed an ogre
   612 | D:4      | Killed an ogre
   613 | D:4      | Reached skill level 4 in Fighting
   613 | D:4      | Reached XP level 5. HP: 9/33 MP: 5/5
   730 | D:5      | Found an opulent altar of Gozag.
   745 | D:5      | Noticed Blork the orc
   771 | D:5      | Killed Blork the orc
   772 | D:5      | Reached XP level 6. HP: 14/39 MP: 6/6
   813 | D:4      | Killed Menkaure
   853 | D:4      | Found an ornate altar of the Wu Jian Council.
   868 | D:4      | Identified the +9 long sword of Ihyptewn {freeze, Dex+5
                  | Stlth+}
   941 | D:3      | Found a sparkling altar of Nemelex Xobeh.
   972 | D:3      | Reached XP level 7. HP: 32/44 MP: 7/7
  1126 | D:5      | Killed Eustachio
  1127 | D:5      | Reached skill level 5 in Fighting
  1146 | D:6      | Noticed a troll
  1261 | D:5      | Found a stormy altar of Qazlal.
  1269 | D:5      | Reached skill level 6 in Fighting
  1269 | D:5      | Reached skill level 5 in Armour
  1375 | D:6      | Reached XP level 8. HP: 50/51 MP: 8/8
  1445 | D:6      | Reached skill level 7 in Fighting
  1449 | D:6      | Killed a troll
  1450 | D:6      | Reached skill level 8 in Fighting
  1650 | D:7      | Reached XP level 9. HP: 60/60 MP: 9/9
  1714 | D:7      | Found a staircase to the Ecumenical Temple.
  1714 | D:7      | Noticed Maurice
  1719 | D:7      | Maurice stole a +0 battleaxe
  1728 | D:7      | Killed Maurice
  1729 | D:7      | Reached skill level 9 in Fighting
  1745 | Temple   | Entered the Ecumenical Temple
  1834 | D:7      | Found a bloodstained altar of Trog.
  1871 | D:7      | Noticed Jeremiah
  1938 | D:6      | Slain by an orc warrior

Illustrated notes

Levels and vault maps discovered:
D:1:      wheals_arrival_shading, layout_loops_cross, kennysheep_pointless_box
D:2:      layout_rooms, basic_altar, uniq_sigmund, uniq_natasha, uniq_robin
D:3:      layout_loops_ring, nicolae_tso_besieged_by_evil,
          nemelex_xobeh_ov_fountains_minmay, serial_shops,
          nicolae_shop_advertising_works [nicolae_subvault_shop_adworks],
          nicolae_shop_crystal
D:4:      layout_gridville, nicolae_wu_jian_immortal_techniques,
          mainiacjoe_overflow_six_doors_small, minmay_cupped, uniq_menkaure
D:5:      layout_cave_pods, grunt_gozag_statues,
          nicolae_qazlal_general_emergency, uniq_blork_the_orc, uniq_eustachio
D:6:      layout_basic, mainiacjoe_overflow_tiny_flanked, ebering_ghost_sewer_d,
          serial_curves, eino_curves_04, eino_curves_01, eino_curves_01,
          eino_curves_02, chequers_serial_rivers_large_a
D:7:      layout_loops_ring, marbit_many_paths, minmay_temple_entry_arrows,
          uniq_maggie, uniq_maurice, uniq_jeremiah
Temple:   cyrus_circular_temple

Skill      XL: |  1  2  3  4  5  6  7  8  9 |
---------------+----------------------------+-----
Axes           | 3 4 |  4.9
Stealth        | 1 2 |  2.0
Armour         | 1 2 3 5 6 7 |  7.4
Fighting       | 4 6 8 9 |  9.1
Dodging        | 3 4 |  4.3

Action                     |  1- 3 |  4- 6 |  7- 9 || total
---------------------------+-------+-------+-------++-------
  Melee: Hand axe          |    71 |    52 |       ||   123
         Long sword        |       |    12 |   120 ||   132
  Throw: Stone             |     1 |       |     2 ||     3
  Evoke: Wand              |       |     6 |     2 ||     8
 Armour: Robe              |    17 |       |       ||    17
         Scale mail        |    28 |    10 |       ||    38
         Ring mail         |       |    32 |   102 ||   134
  Dodge: Dodged            |    41 |    52 |   136 ||   229
